Map: Frost LE

Players

Gracz - Winner!

  • Race: Zerg Zerg
  • League: Silver

Herra

  • Race: Terran Terran
  • League: Gold

VOD

Have the link to the VOD?

Description

Time

  • Played on: Oct. 25, 2016, 1:36 p.m.
  • Length: 4:28
Show
View Real Time Build Order
Export as new Build Order

Gracz Zerg - Winner!

Build Orders: Hatch First 

Get SALT Encoding   

  12  0:01  Drone  
  13  0:08  Drone  
  14  0:16  Overlord  
  14  0:45  Drone  
  14  0:49  Unknown, Hatchery  
  14  0:58  Drone x3  
  17  1:20  Spawning Pool, Drone  
  17  1:21  Drone  
  18  1:37  Extractor, Drone  
  18  1:42  Drone  
  18  1:44  Extractor  
  18  1:53  Drone  
  19  2:00  Unknown  
  20  2:08  Drone  
  20  2:09  Queen x2  
  20  2:11  Drone  
  25  2:18  Drone x2  
  27  2:24  Overlord  
  27  2:39  Drone  
  27  2:42  Drone  
  27  2:43  Drone  
  30  2:52  Drone  
  30  2:53  Drone  
  32  3:04  Queen x2  
  36  3:13  Overlord x2  
  36  3:40  Drone x8  
  44  3:41  Unknown, Hatchery  
  43  4:10  Drone x6  
Show
View Real Time Build Order
Export as new Build Order

Herra Terran 

Build Orders:  

Get SALT Encoding   

  12  0:01  SCV  
  13  0:15  Supply Depot  
  13  0:17  SCV  
  14  0:29  SCV  
  14  0:31  Refinery  
  15  0:42  Barracks  
  15  0:46  SCV  
  16  0:57  Supply Depot  
  16  1:00  SCV  
  17  1:12  SCV  
  17  1:14  Refinery  
  18  1:30  Reaper  
  18  1:31  Orbital Command  
  19  1:51  Factory  
  19  2:04  SCV  
  20  2:10  Marine  
  21  2:16  SCV  
  21  2:19  Barracks  
  22  2:28  Marine, SCV  
  24  2:37  Starport  
  24  2:38  Factory Reactor  
  24  2:43  SCV  
  25  2:49  Marine  
  26  2:56  SCV  
  27  3:10  Barracks Reactor  
  27  3:16  Marine  
  28  3:25  Unknown, Command Center  
  28  3:30  SCV  
  29  3:55  Barracks  
  29  3:56  Barracks  
  29  4:14  SCV  
  31  4:22  Supply Depot  
Tags
 
Add a new tag
Caveats
  • Supply blocks, unpowered buildings, or Contaminate may cause inaccurate times.
  • Supply counts are checked every 10 seconds.